 Dungeon Crawl Stone Soup version 0.29-a0-219-g0a02b1cf4f (webtiles) character file.

Game seed: 4901565018764913035

94490 jlumianski the Bludgeoner (level 15, -1/117 HPs)
             Began as a Demonspawn Gladiator on Feb 25, 2022.
             Was the Champion of Trog.
             Slain by a black mamba (22 damage)
             ... on level 6 of the Lair of Beasts.
             The game lasted 02:04:57 (32977 turns).

jlumianski the Bludgeoner (Demonspawn Gladiator)   Turns: 32977, Time: 02:04:58

Health: -1/117     AC: 33    Str: 21    XL:     15   Next: 63%
Magic:  15/15      EV:  2    Int: 10    God:    Trog [******]
Gold:   1414       SH:  0    Dex: 15    Spells: 14/14 levels left

rFire   + . .      SeeInvis .   k - +7 eveningstar (flame)
rCold   . . .      Faith    .   L - +2 kite shield
rNeg    . . .      Spirit   .   s - +3 plate armour {rF+}
rPois   .          Reflect  .   c - +2 helmet
rElec   .          Harm     .   h - +1 cloak
rCorr   .          Rampage  +   W - +2 pair of gloves
Will    +....                   i - +2 pair of boots {rampage}
Stlth   ..........              N - amulet of the acrobat
HPRegen 0.29/turn               y - +4 ring of slaying
MPRegen 0.14/turn               (no ring)

@: mighty, lethally poisoned (-1 -> -4), sleeping
A: thin metallic scales 2, powered by pain 1, demonic magic 2, demonic touch 2
a: Renounce Religion, Berserk, Trog's Hand, Brothers in Arms


You were on level 6 of the Lair of Beasts.
You worshipped Trog.
Trog was exalted by your worship.
You visited 3 branches of the dungeon, and saw 22 of its levels.
You also visited: Volcano.

You collected 2061 gold pieces.
You spent 647 gold pieces at shops.

Inventory:

Hand Weapons
 g - a +2 vorpal demon trident
 k - a +7 eveningstar of flaming (weapon)
 p - a +1 broad axe of freezing
 t - the +11 hunting sling of the Tired Geomancers {flame, rElec rPois Dex-2}
   (You found it on level 9 of the Dungeon)

   Any ammunition fired from it burns those it strikes, dealing additional fire
   damage.
   Dex:       It affects your dexterity (-2).
   rElec:     It insulates you from electricity.
   rPois:     It protects you from poison.
 w - the +9 flail "Vamattos" {elec, rC- rN+ rCorr}
   (You found it on level 3 of the Dungeon)

   It occasionally discharges a powerful burst of electricity upon striking a
   foe.
   rC:        It makes you vulnerable to cold.
   rN:        It protects you from negative energy.
   rCorr:     It protects you from acid and corrosion.
Missiles
 d - 3 throwing nets
 n - 36 poisoned darts
 q - 456 stones
 E - 3 silver boomerangs
 U - 14 atropa-tipped darts
 X - 21 boomerangs (quivered)
Armour
 c - a +2 helmet (worn)
 f - a +2 hat
 h - a +1 cloak (worn)
 i - a +2 pair of boots of rampaging (worn)
 s - a +3 plate armour of fire resistance (worn)
 L - a +2 kite shield (worn)
 W - a +2 pair of gloves (worn)
Jewellery
 y - a +4 ring of slaying (left hand)
 N - an amulet of the acrobat (around neck)
Wands
 x - a wand of mindburst (16)
 B - a wand of iceblast (8)
 I - a wand of acid (5)
 Q - a wand of paralysis (16)
 T - a wand of charming (4)
 Y - a wand of polymorph (4)
Scrolls
 a - 2 scrolls of fog
 m - 6 scrolls of teleportation
 r - 2 scrolls of amnesia
 v - a scroll of brand weapon
 C - a scroll of fear
 G - 8 scrolls of identify
 K - a scroll of silence
 Z - 2 scrolls of blinking
Potions
 b - a potion of mutation
 e - a potion of cancellation
 j - 10 potions of ambrosia
 u - 5 potions of heal wounds
 z - 4 potions of haste
 A - a potion of resistance
 D - a potion of invisibility
 F - 2 potions of curing
 J - 3 potions of might
Miscellaneous
 l - a phial of floods
 o - a lightning rod (4/4)
 H - a piece from Xom's chessboard (15/15)


   Skills:
 + Level 10.9 Fighting
 + Level 4.8(11.1) Axes
 + Level 15.3(15.6) Maces & Flails
 + Level 1.4(2.8) Slings
 + Level 3.8(4.0) Throwing
 + Level 9.7 Armour
 + Level 5.9 Dodging
 + Level 2.7 Stealth
 + Level 9.1 Shields
 * Level 12.3 Evocations


You had 14 spell levels left.
You didn't know any spells.
Your spell library contained the following spells:

 Spells                   Type           Power      Damage    Failure   Level
 Apportation              Tloc           0%         N/A       100%        1
 Pain                     Necr           0%         1d4       100%        1
 Sting                    Tmut/Pois      0%         1d3       100%        1
 Blink                    Tloc           0%         N/A       100%        2
 Poisonous Vapours        Pois/Air       0%         N/A       100%        2
 Scorch                   Fire           0%         2d5       100%        2
 Static Discharge         Conj/Air       0%         N/A       100%        2
 Conjure Flame            Conj/Fire      0%         6-21      100%        3
 Ignite Poison            Fire/Tmut/Pois 0%         N/A       100%        3
 Lesser Beckoning         Tloc           0%         N/A       100%        3
 Dispel Undead            Necr           0%         3d6       100%        4
 Flame Wave               Conj/Fire      0%         2d4       100%        4
 Leda's Liquefaction      Hex/Erth       0%         N/A       100%        4
 Olgreb's Toxic Radiance  Pois           0%         N/A       100%        4
 Passage of Golubria      Tloc           0%         N/A       100%        4
 Sticky Flame             Conj/Fire      0%         2d3       100%        4
 Agony                    Necr           0%         N/A       100%        5
 Alistair's Intoxication  Tmut/Pois      0%         N/A       100%        5
 Excruciating Wounds      Necr           0%         N/A       100%        5
 Lee's Rapid Deconstruct  Erth           0%         3d5*      100%        5
 Manifold Assault         Tloc           0%         N/A       100%        5
 Silence                  Hex/Air        0%         N/A       100%        5
 Statue Form              Tmut/Erth      0%         N/A       100%        6
 Summon Cactus Giant      Summ           0%         N/A       100%        6
 Lehudib's Crystal Spear  Conj/Erth      0%         10d2      100%        8


Dungeon Overview and Level Annotations

Branches:
Dungeon (15/15)            Temple (0/1) D:7            Lair (4/6) D:8
 Shoals (0/4) Lair:3        Snake (0/4) Lair:2          Orc (2/2) D:12
    Elf (0/3) Orc:2        Vaults (0/5) D:14         Depths (0/4) D:15
Volcano (visited)

Altars:
Ashenzari
Cheibriados
Elyvilon
Gozag
Hepliaklqana
Nemelex Xobeh
Qazlal
Sif Muna
Trog
Yredelemnul
The Shining One
Beogh

Shops:
D:8 *   D:12 [   D:13 !   Orc:2 ?*:?[

Portals:
Trove: D:15 (give +5 demon trident)


Innate Abilities, Weirdness & Mutations

You are mostly covered in thin metallic scales. (AC +3)
You sometimes gain a little power by taking damage.
Spells you cast may paralyse nearby enemies.
Your touch may inflict irresistible damage on your foes.


Message History

A yak comes into view.
The elephant completely misses you.
The elephant trunk-slaps you but does no damage.
A yak comes into view.
The death yak gores you but does no damage.
The basilisk hisses angrily.
The yak bellows! x2
You bludgeon the dream sheep!! You burn the dream sheep!
You kill the dream sheep!
Trog accepts your kill.
Your surroundings seem slightly different.
You hear a bellow!
You feel yourself speed up.
The dream sheep bites the fungus!
The fungus begins to die.
The death yak gores the fungus!!
The cane toad completely misses you.
The death yak gores the fungus!!
The dream sheep shake their wool and sparkle.
You feel drowsy...
You fall asleep.
The black mamba bites you but does no damage.
You hear a bellow! x2
You hear a bellow! x3; You hear a trumpeting!
The black mamba bites you!!!
You wake up.
You are poisoned.
The black mamba poisons you! The cane toad barely misses you.
The death yak gores the fungus!!
The dream sheep bites the fungus!
The fungus begins to die.
A yak comes into view.
Found a stone staircase leading up.
You feel very sick.
A nearby fungus withers and dies.
You block the black mamba's attack.
The dream sheep bites the fungus!
You feel very sick.
Something gores the fungus!
You feel sick. The black mamba bites you!
* * * LOW HITPOINT WARNING * * *
You feel sick. You block the black mamba's attack.
The dream sheep shake their wool and sparkle.
You feel drowsy...
You fall asleep.
You feel sick. The black mamba bites you!!
You die...

... .YY. ... .Y#..#
....... ..##.Y#.P#
....... #Y#.Y#...##
.....♣ l....#..PP#
.<...♣ ..Y##.Y.PP#
##.....♣ .#........#
#.....♣ #wY......#.#
###P...♣
#.#.....#Y####SS@...♣
####....YYP..#.##..♣♣
#..YY.PY..Y....♣♣
#....†Y.YYY.Y.....♣
#.................♣
##.#...............♣
###...............♣
#...............♣
#...............♣


You could see an elephant, a black mamba, a water moccasin and 2 dream sheep.

Vanquished Creatures
  A fire giant (D:13)
  Roxanne (D:14)
  A war gargoyle (D:13)
  Nessos (D:15)
  A minotaur (D:15)
  A fire dragon (Volcano)
  An ettin (Orc:1)
  Harold (D:7)
  Erolcha (D:9)
  A rakshasa (D:15)
  7 boulder beetles
  4 vault guards
  A hydra (D:14)
  2 ogre magi
  A catoblepas (Lair:3)
  The ghost of enile the Fighter, a journeyman OpEE of Ashenzari (D:9)
  5 centaur warriors
  An anaconda (Lair:1)
  2 death knights
  A tengu warrior (D:14)
  8 two-headed ogres
  A death yak (Lair:1)
  4 orc high priests
  A hell hog (Volcano)
  A shadow wraith (D:13)
  A fire crab (Lair:1)
  5 skeletal warriors
  The ghost of iguanaiguana the Wallflower, a novice PaWr of Uskayaw (D:7)
  A glowing orange brain (D:15)
  A phantasmal warrior (D:13)
  3 deep elf pyromancers
  3 manticores
  3 orc sorcerers
  6 orc knights
  6 cyclopes
  20 ugly things
  4 black mambas
  2 elephants (Lair:1)
  2 cane toads (shapeshifter)
  2 molten gargoyles (Volcano)
  3 gargoyles
  3 cane toads
  Maggie (D:6)
  3 rime drakes
  2 kobold demonologists
  An unseen horror (D:13)
  10 komodo dragons
  A yaktaur (shapeshifter) (D:13)
  2 efreet
  5 freezing wraiths
  A troll (shapeshifter) (D:15)
  4 polar bears
  A queen bee (Lair:2)
  3 tarantellas (shapeshifter)
  9 trolls
  5 blink frogs (Lair:2)
  16 slime creatures
  3 dream sheep (Lair:6)
  A jumping spider (shapeshifter) (D:14)
  A shadow (D:11)
  6 wraiths
  28 yaks
  7 basilisks
  A wyvern (D:7)
  4 vampire mosquitoes
  8 fire bats (Volcano)
  2 steam dragons
  12 water moccasins
  22 orc warriors
  3 hell hounds (Volcano)
  A sky beast (D:8)
  6 black bears
  5 ice beasts
  2 necrophages (D:6)
  7 ogres
  11 wolves
  17 centaurs
  2 kobold brigands (D:9)
  15 bullfrogs
  9 scorpions
  2 gnoll sergeants
  A hornet simulacrum (D:8)
  29 killer bees
  12 wights
  An electric eel (D:8)
  5 lava snakes (Volcano)
  A crimson imp (D:11)
  5 jellies
  A gnoll shaman (D:9)
  A hound (D:6)
  20 orc priests
  7 iguanas
  Natasha (thrice) (D:2)
  27 orc wizards
  3 centaur simulacra
  13 gnolls
  9 adders
  3 white imps
  A howler monkey simulacrum (D:8)
  An ufetubus (D:5)
  A worm (D:3)
  5 dart slugs
  88 orcs
  2 endoplasms
  6 goblins
  6 hobgoblins
  5 jackals
  3 quokkas
  3 ball pythons (D:1)
  5 bats
  2 frilled lizards (D:2)
  12 kobolds
  5 rats
  A spectral orc (D:12)
642 creatures vanquished.

Vanquished Creatures (collateral kills)
  The ghost of freelancePsychic the Bewitcher, a journeyman DEFE of Sif Muna (D:14)
  A vault guard (D:14)
  A death knight (D:15)
3 creatures vanquished.

Vanquished Creatures (others)
  An orc wizard (Orc:2)
  An orc (Orc:2)
  10 fungi
  4 plants
16 creatures vanquished.

Grand Total: 661 creatures vanquished

Notes
Turn   | Place    | Note
-------+----------+-------------------------------------------
     0 | D:1      | jlumianski the Demonspawn Gladiator began the quest for the
                  | Orb.
     0 | D:1      | Reached XP level 1. HP: 16/16 MP: 1/1
   209 | D:1      | Gained mutation: You are partially covered in thin metallic
                  | scales. (AC +2) [demonic ancestry]
   209 | D:1      | Reached XP level 2. HP: 17/22 MP: 2/2
   592 | D:1      | Found a faded altar of an unknown god.
  1248 | D:2      | Reached XP level 3. HP: 27/27 MP: 3/3
  1460 | D:2      | Noticed Natasha
  1579 | D:2      | Killed Natasha
  1604 | D:2      | Noticed Natasha
  1618 | D:2      | Killed Natasha
  1619 | D:2      | Reached skill level 1 in Armour
  1619 | D:2      | Reached XP level 4. HP: 17/34 MP: 4/4
  1769 | D:2      | Found a bloodstained altar of Trog.
  1843 | D:2      | Became a worshipper of Trog the Wrathful
  2443 | D:2      | Noticed Natasha
  2449 | D:2      | Killed Natasha
  2503 | D:3      | Reached XP level 5. HP: 30/39 MP: 5/5
  2747 | D:3      | Found a hazy altar of Hepliaklqana.
  2805 | D:3      | Noticed an ogre
  2815 | D:3      | Killed an ogre
  3311 | D:3      | Identified the +9 flail "Vamattos" {elec, rC- rN+ rCorr}
  3715 | D:4      | Gained mutation: Your touch may inflict minor irresistible
                  | damage on your foes. [demonic ancestry]
  3715 | D:4      | Reached XP level 6. HP: 32/46 MP: 6/6
  3949 | D:4      | Found a sparkling altar of Nemelex Xobeh.
  4046 | D:3      | Reached skill level 1 in Maces & Flails
  4412 | D:4      | Found an opulent altar of Gozag.
  4460 | D:4      | Reached * piety under Trog
  4664 | D:4      | Noticed an ice beast
  4671 | D:4      | Killed an ice beast
  4672 | D:4      | Reached skill level 2 in Maces & Flails
  4672 | D:4      | Gained mutation: You sometimes gain a little power by
                  | taking damage. [demonic ancestry]
  4672 | D:4      | Reached XP level 7. HP: 52/52 MP: 7/7
  4731 | D:5      | Entered Level 5 of the Dungeon
  4882 | D:5      | Reached skill level 1 in Evocations
  5190 | D:5      | Reached skill level 3 in Maces & Flails
  5299 | D:5      | Found a shimmering blue altar of Sif Muna.
  6013 | D:6      | Reached XP level 8. HP: 60/60 MP: 8/8
  6060 | D:6      | Reached skill level 4 in Maces & Flails
  6283 | D:6      | Reached skill level 1 in Stealth
  6448 | D:6      | Reached skill level 5 in Maces & Flails
  6637 | D:6      | Noticed Maggie
  6647 | D:6      | Killed Maggie
  6647 | D:6      | Reached ** piety under Trog
  6649 | D:6      | Gained mutation: Spells you cast may paralyse adjacent
                  | enemies. [demonic ancestry]
  6649 | D:6      | Reached XP level 9. HP: 41/66 MP: 9/9
  7287 | D:7      | Found a staircase to the Ecumenical Temple.
  7342 | D:7      | Reached skill level 6 in Maces & Flails
  7434 | D:7      | Found a runed translucent door.
  7658 | D:7      | Noticed Harold
  8058 | D:7      | Killed Harold
  8059 | D:7      | Reached skill level 5 in Fighting
  8061 | D:7      | Reached skill level 7 in Maces & Flails
  8421 | D:7      | Reached skill level 1 in Shields
  8477 | D:7      | Found a snail-covered altar of Cheibriados.
  8556 | D:7      | Found a broken altar of Ashenzari.
  8578 | D:7      | Found a stormy altar of Qazlal.
  8718 | D:7      | Noticed iguanaiguana's ghost (novice PaWr)
  8753 | D:7      | Killed iguanaiguana's ghost
  8754 | D:7      | Reached skill level 5 in Armour
  8754 | D:7      | Reached skill level 5 in Evocations
  8754 | D:7      | Reached XP level 10. HP: 70/74 MP: 10/10
  8811 | D:8      | Found a basalt altar of Yredelemnul.
  8984 | D:8      | Found a staircase to the Lair.
  9142 | D:8      | Found Xekugump's General Store.
  9152 | D:8      | Bought 2 poisoned darts for 10 gold pieces
  9189 | D:8      | Noticed a two-headed ogre
  9200 | D:8      | Noticed a two-headed ogre
  9205 | D:8      | Killed a two-headed ogre
  9206 | D:8      | Reached skill level 8 in Maces & Flails
  9215 | D:8      | Reached *** piety under Trog
  9221 | D:8      | Killed a two-headed ogre
  9700 | D:8      | Noticed a two-headed ogre
  9707 | D:8      | Killed a two-headed ogre
 10088 | D:8      | Gained mutation: You are mostly covered in thin metallic
                  | scales. (AC +3) [demonic ancestry]
 10088 | D:8      | Reached XP level 11. HP: 81/81 MP: 11/11
 10408 | D:9      | Noticed Erolcha
 10542 | D:9      | Killed Erolcha
 10543 | D:9      | Reached skill level 9 in Maces & Flails
 10543 | D:9      | Reached skill level 5 in Dodging
 10594 | D:9      | Noticed a two-headed ogre
 10604 | D:9      | Killed a two-headed ogre
 10732 | D:9      | Found a runed translucent door.
 10783 | D:9      | Found a runed translucent door.
 10783 | D:9      | Noticed enile's ghost (journeyman OpEE)
 10937 | D:9      | Identified the +11 hunting sling of the Tired Geomancers
                  | {flame, rElec rPois Dex-2}
 11028 | D:9      | Reached **** piety under Trog
 11395 | D:9      | Noticed an orc knight
 11623 | D:8      | Killed an orc knight
 11876 | D:9      | Killed enile's ghost
 12018 | D:10     | Entered Level 10 of the Dungeon
 12026 | D:10     | Noticed a two-headed ogre
 12035 | D:10     | Killed a two-headed ogre
 12848 | D:10     | Reached skill level 10 in Maces & Flails
 13706 | D:11     | Found a gate leading to a gauntlet.
 14083 | D:11     | Gained mutation: Your touch may inflict irresistible damage
                  | on your foes. [demonic ancestry]
 14083 | D:11     | Reached XP level 12. HP: 91/91 MP: 12/12
 14228 | D:11     | Reached skill level 5 in Shields
 14352 | Lair:1   | Entered Level 1 of the Lair of Beasts
 14687 | D:11     | Reached ***** piety under Trog
 15045 | D:12     | You fall into a shaft and drop 1 floor!
 15138 | D:12     | Noticed a boulder beetle
 15417 | D:12     | Killed a boulder beetle
 15524 | D:12     | Reached skill level 11 in Maces & Flails
 15527 | D:12     | Reached skill level 1 in Slings
 15979 | D:12     | Found Igiacw's Armour Shop.
 15980 | D:12     | Found a staircase to the Orcish Mines.
 16443 | D:12     | Noticed a centaur warrior
 17307 | D:11     | Killed a centaur warrior
 17472 | D:12     | Bought a +2 pair of boots of rampaging for 236 gold pieces
 17529 | D:12     | Found a basalt altar of Yredelemnul.
 17734 | D:13     | Found Gacwan's Distillery.
 17753 | D:13     | Bought a potion of heal wounds for 65 gold pieces
 18011 | D:13     | Noticed a death knight
 18062 | Orc:1    | Entered Level 1 of the Orcish Mines
 18353 | Orc:1    | Found a dark tunnel.
 18374 | Volcano  | Entered a volcano
 18433 | Volcano  | Gained mutation: Spells you cast may paralyse nearby
                  | enemies. [demonic ancestry]
 18433 | Volcano  | Reached XP level 13. HP: 81/98 MP: 13/13
 18514 | Volcano  | Received a gift from Trog
 18644 | Volcano  | Found a radiant altar of Vehumet.
 18782 | Volcano  | Noticed a fire dragon
 18794 | Volcano  | Killed a fire dragon
 19035 | Orc:2    | Entered Level 2 of the Orcish Mines
 19049 | Orc:2    | Noticed an ettin
 19396 | Orc:1    | Killed an ettin
 19712 | Orc:2    | Reached skill level 12 in Maces & Flails
 19794 | Orc:2    | Found Eviacir's Armour Boutique.
 20152 | Orc:2    | Reached skill level 10 in Evocations
 20222 | Orc:2    | Received a gift from Trog
 20340 | Orc:2    | Found a staircase to the Elven Halls.
 20937 | Orc:2    | Paralysed by an orc sorcerer for 5 turns
 21135 | Orc:2    | Found Xedghif's Book Emporium.
 21135 | Orc:2    | Found Akhom's Magic Scroll Shop.
 21149 | Orc:2    | Found Fuomoi's General Store.
 21149 | Orc:2    | Found Gazxaw's Magic Scroll Emporium.
 21157 | Orc:2    | Bought a scroll of enchant weapon for 120 gold pieces
 21157 | Orc:2    | Bought a scroll of identify for 32 gold pieces
 21157 | Orc:2    | Bought a scroll of identify for 32 gold pieces
 21157 | Orc:2    | Bought a scroll of identify for 32 gold pieces
 21162 | Orc:2    | Bought a scroll of enchant weapon for 120 gold pieces
 22890 | D:13     | Noticed a war gargoyle
 22900 | D:13     | Killed a war gargoyle
 22901 | D:13     | Reached XP level 14. HP: 72/108 MP: 14/14
 22944 | D:13     | Identified the +6 great mace of Descent {elec, Will+ rCorr
                  | Int-2}
 22944 | D:13     | Noticed a fire giant
 23271 | D:13     | Killed a fire giant
 23272 | D:13     | Reached skill level 13 in Maces & Flails
 23922 | D:14     | Noticed Roxanne
 24159 | D:14     | Found a gate to the Vaults.
 24992 | D:14     | Reached skill level 10 in Fighting
 25670 | D:14     | Killed Roxanne
 26048 | D:15     | Entered Level 15 of the Dungeon
 26126 | D:15     | Found a runed translucent gate.
 26126 | D:15     | Found a runed translucent gate.
 26126 | D:15     | Found a runed translucent gate.
 26184 | D:15     | Noticed freelancePsychic's ghost (journeyman DEFE)
 26446 | D:14     | Reached skill level 14 in Maces & Flails
 26911 | D:15     | Noticed Nessos
 26926 | D:15     | Killed Nessos
 28193 | D:15     | Reached XP level 15. HP: 117/117 MP: 15/15
 28203 | D:15     | Found a staircase to the Depths.
 28298 | D:15     | Found a portal to a secret trove of treasure.
 28684 | D:14     | Killed freelancePsychic's ghost
 29625 | Lair:1   | Received a gift from Trog
 30702 | Lair:2   | Found a staircase to the Snake Pit.
 31484 | Lair:2   | Reached skill level 15 in Maces & Flails
 31762 | Lair:3   | Found a staircase to the Shoals.
 32396 | Lair:3   | Reached ****** piety under Trog
 32956 | Lair:4   | You fall into a shaft and drop 2 floors!
 32956 | Lair:6   | Entered Level 6 of the Lair of Beasts
 32977 | Lair:6   | Slain by a black mamba

Illustrated notes

Levels and vault maps discovered:
D:1:      psy_arrival_spokes, layout_loops_ring,
          hellmonk_ecumenical_altar_lost_god, minmay_misc_feat_roman
D:2:      layout_loops_ring, basic_altar, uniq_natasha
D:3:      layout_basic, lemuel_crystal_altar, hangedman_decor_slide_cut,
          moated_statue, lemuel_another_geyser
D:4:      layout_cave_pools, grunt_gozag_statues, old_standard_altar
D:5:      layout_basic, marbit_many_paths, chequers_serial_rivers_micro_d
D:6:      layout_basic, uniq_maggie
D:7:      layout_basic, mainiacjoe_overflow_catch_the_wave,
          gammafunk_temple_overflow_elements, minmay_temple_entry_mini_moons,
          ebering_ghost_reflecting_pool, uniq_harold
D:8:      layout_basic, general_overflow_altar, lair_entry_dummy, serial_ice,
          serial_ice_g, serial_ice_k, serial_ice_f, serial_ice_h, serial_shops,
          nicolae_square_shop, minmay_circle_x
D:9:      layout_irregular_city, hellmonk_ghost_happy_afterlife,
          minmay_stone_trees_large, lightli_church_of_beogh, uniq_erolcha
D:10:     layout_stronghold
D:11:     layout_stronghold, gauntlet_entry_generic, skrybe_limestone_x,
          minmay_fire_ice_demons
D:12:     layout_cave_pools, orc_david_3, yredelemnul_forgotten_temple_becter
D:13:     minmay_two_paths, layout_loops_ring, serial_shops, shop_fountains
D:14:     layout_cave_pools, lightli_vaults_fourway_checkpoint, minmay_holes,
          uniq_roxanne
D:15:     gammafunk_enter_depths_forms, layout_loops_corners,
          maelrawn_ghost_gauntlet_escape, enter_trove_5,
          minmay_misc_feat_square, elyvilon_altar_1, uniq_nessos
Lair:1:   layout_regular_city, nicolae_lair_lakeside_cave
Lair:2:   layout_roguey, dummy_snake_entry, special_room [special_room_bee]
Lair:3:   layout_hall_layers, elwin_shoals_entry_rocks,
          chequers_serial_rivers_large_a, nicolae_quartered_pool_impasse,
          minmay_stone_trees_medium, beast_lair_carwin_5
Lair:4:   layout_cellular_growth
Lair:6:   hellmonk_lair_end_abyssal_woods, layout_regular_city, pond,
          grunt_megastairs_2, uniq_snorg, uniq_rupert
Orc:1:    layout_caves, enter_volcano_1
Orc:2:    grunt_orc_tribal_feast, layout_diamond_mine, serial_shops,
          nicolae_shop_crystal

Skill      XL: |  1  2  3  4  5  6  7  8  9 10 11 12 13 14 15 |
---------------+----------------------------------------------+-----
Axes           | 3 4 |  4.8
Dodging        | 3 4 5 |  5.9
Armour         | 1 2 3 4 5 6 7 8 9 |  9.7
Fighting       | 3 4 5 6 7 8 9 10 | 10.9
Throwing       | 2 3 |  3.8
Maces & Flails | 2 3 5 7 8 10 11 12 14 15 | 15.3
Evocations     | 2 3 5 6 8 9 10 11 12 | 12.3
Stealth        | 1 2 |  2.7
Shields        | 1 3 4 6 7 8 9 |  9.1
Slings         | 1 |  1.4

Action                   |  1- 3 |  4- 6 |  7- 9 | 10-12 | 13-15 || total
-------------------------+-------+-------+-------+-------+-------++-------
Melee: War axe           |    96 |    65 |       |       |       ||   161
       Punch             |     1 |       |       |       |       ||     1
       Flail             |       |    54 |   156 |   602 |    68 ||   880
       Touch             |       |     4 |    16 |       |       ||    20
       Eveningstar       |       |       |       |       |  1052 ||  1052
 Fire: Hunting sling     |       |       |       |    10 |       ||    10
Throw: Dart              |       |    15 |     7 |    16 |    11 ||    49
       Throwing net      |       |       |     1 |       |       ||     1
       Boomerang         |       |       |       |       |    16 ||    16
Invok: Berserk           |       |       |     2 |     8 |    10 ||    20
       Trog's Hand       |       |       |       |     1 |       ||     1
       Brothers in Arms  |       |       |       |       |     3 ||     3
Evoke: Wand              |       |       |       |     1 |     2 ||     3
  Use: Scroll            |       |       |     8 |    19 |     9 ||    36
       Potion            |       |       |     2 |     1 |     2 ||     5
 Stab: Distracted        |       |       |     1 |       |       ||     1
Armor: Leather armour    |    23 |       |       |       |       ||    23
       Ring mail         |    24 |    44 |    31 |       |       ||    99
       Acid dragon scale |       |       |    17 |       |       ||    17
       Chain mail        |       |       |     2 |   379 |    27 ||   408
       Plate armour      |       |       |       |       |   644 ||   644
Dodge: Dodged            |    80 |    93 |    88 |   311 |   319 ||   891
Block: Kite shield       |       |       |    18 |   482 |   690 ||  1190

Table legend: (Time is in decaauts)
 A = Elapsed time spent in this place.
 B = Non-inter-level travel time spent in this place.
 C = Inter-level travel time spent in this place.
 D = Time resting spent in this place.
 E = Time spent auto-exploring this place.
 F = Levels seen in this place.
 G = Mean time per level.
                   A        B        C        D        E       F      G
               +--------+--------+--------+--------+--------+-----+--------+
         Total |  33301 |  32232 |   1069 |   7139 |  17039 |  23 | 1447.9 |
       Dungeon |  25945 |  25011 |    934 |   5805 |  13557 |  15 | 1729.7 |
          Lair |   3808 |   3673 |    135 |    175 |   2351 |   5 |  761.6 |
  Orcish Mines |   2971 |   2971 |      0 |    993 |   1001 |   2 | 1485.5 |
       Volcano |    577 |    577 |      0 |    165 |    130 |   1 |  577.0 |
               +--------+--------+--------+--------+--------+-----+--------+

Top non-repeatable levels by time:
    D:13: 2867 daAuts
    D:11: 2748 daAuts
    D:14: 2301 daAuts
    D:15: 2255 daAuts
     D:8: 2064 daAuts
   Orc:1: 1781 daAuts
    D:12: 1730 daAuts
     D:6: 1724 daAuts
     D:3: 1568 daAuts
    D:10: 1481 daAuts
     D:9: 1467 daAuts
     D:7: 1460 daAuts
  Lair:1: 1418 daAuts
     D:1: 1261 daAuts
     D:2: 1246 daAuts
